AoeStats
← OM | Kerry Copyto

African Clearing

506509619Analyzed
4v4 RM · 19d ago on Sep 13, 2026· 38m 56s· 8 players
Game mode
Random Map
Map size
Large (8 player)
Population
200
Speed
Normal
Resources
Standard
Victory
Conquest
Starting age
Dark Age
Ending age
Imperial Age
RankedLock teamsTeams togetherTeam positionsShared explorationLock speedFull tech treeHidden civsTurbo modeCheats
Victory
Defeat
🇲🇽 Vietnamese · Mexico
1493
+9
🇲🇽 Magyars · Mexico
1428
+12
🇲🇽 Mapuche · Mexico
1269
+18
🇦🇺 Britons · Australia
1253
+18
🇰🇷 Cumans · South Korea
1368
-16
🇪🇸 Khmer · Spain
1326
-14
🇪🇸 Poles · Spain
1307
-14
🇻🇪 Bengalis · Venezuela
1300
-13
mano
9:46 Loom
12:59 Feudal Age
13:30 Double-Bit Axe
16:16 Fletching
16:24 Town Watch
17:12 Padded Archer Armor
30:20 Wheelbarrow
40:24 Castle Age
Potro Occidental
11:12 Feudal Age
12:21 Double-Bit Axe
13:43 Loom
15:45 Forging
18:21 Scale Barding Armor
23:11 Castle Age
24:17 Bow Saw
26:32 Horse Collar
30:01 Fletching
32:52 Bodkin Arrow
32:59 Padded Archer Armor
34:06 Wheelbarrow
34:01 Town Watch
36:48 Hand Cart
37:24 Leather Archer Armor
37:39 Elite Skirmisher
Alejandro_Cao
3:52 Loom
12:53 Feudal Age
15:22 Horse Collar
20:32 Castle Age
18:44 Stone Mining
20:02 Double-Bit Axe
20:47 Gold Mining
21:44 Heavy Plow
24:41 Bow Saw
25:20 Fletching
27:15 Squires
35:19 Imperial Age
32:37 Town Watch
33:51 Scale Barding Armor
33:57 Forging
33:59 Bloodlines
33:49 Husbandry
33:43 Light Cavalry
35:56 Chain Barding Armor
36:12 Iron Casting
35:34 Winged Hussar
36:43 Conscription
37:27 Lechitic Legacy
38:14 Wheelbarrow
39:13 Blast Furnace
kdu0687
13:18 Feudal Age
12:03 Loom
24:10 Castle Age
23:03 Fletching
36:50 Bodkin Arrow
OM | Kerry Copyto
10:10 Loom
11:55 Feudal Age
12:53 Double-Bit Axe
15:49 Fletching
16:40 Padded Archer Armor
26:48 Castle Age
26:19 Horse Collar
27:07 Crossbowman
27:44 Bodkin Arrow
28:22 Bow Saw
28:13 Heavy Plow
28:38 Leather Archer Armor
30:10 Town Watch
32:44 Wheelbarrow
32:10 Town Patrol
33:28 Ballistics
34:17 Elite Skirmisher
35:03 Thumb Ring
Varrtrix
10:28 Loom
13:28 Feudal Age
14:00 Double-Bit Axe
19:19 Castle Age
18:24 Padded Archer Armor
18:32 Fletching
18:37 Gold Mining
19:32 Wheelbarrow
19:53 Pikeman
20:42 Bodkin Arrow
22:25 Bow Saw
24:38 Town Watch
29:25 Leather Archer Armor
32:27 Ballistics
32:32 Horse Collar
32:44 Stone Mining
36:28 Malon
38:18 Forging
38:08 Scale Mail Armor
41:21 Imperial Age
39:32 Hand Cart
39:58 Gold Shaft Mining
OM | Romeo D. Sins
2:47 Loom
12:29 Feudal Age
12:55 Double-Bit Axe
13:35 Town Watch
16:29 Fletching
21:44 Horse Collar
23:08 Padded Archer Armor
24:53 Wheelbarrow
28:12 Castle Age
26:15 Gold Mining
27:27 Scale Barding Armor
28:55 Bodkin Arrow
29:12 Bloodlines
28:30 Crossbowman
29:31 Bow Saw
31:56 Leather Archer Armor
36:32 Chain Barding Armor
36:14 Husbandry
Rayno
4:51 Loom
18:32 Feudal Age
18:37 Man-at-Arms
23:31 Castle Age
23:06 Double-Bit Axe
27:47 Wheelbarrow
Connection lost

Rejoining the realm…

Still unreachable

The connection could not be restored.

Session expired

The server has moved on; the page needs a fresh start.